 Dungeon Crawl Stone Soup version 0.31.0-11-ge490571c62 (webtiles) character file.

Game seed: 10834697534869366329

86 Arcadio the Cudgeller (level 4, 0/29 HPs)
             Began as a Gargoyle Gladiator on Jan 31, 2024.
             Slain by a goblin
             ... wielding a +0 club
             ... led by Robin
              (1 damage)
             ... on level 3 of the Dungeon.
             The game lasted 00:03:03 (2285 turns).

Arcadio the Cudgeller (Gargoyle Gladiator)          Turns: 2285, Time: 00:03:04

Health: 0/29       AC:  7    Str: 20    XL:     4   Next: 49%
Magic:  4/4        EV: 12    Int:  8    God:
Gold:   101        SH:  0    Dex: 11    Spells: 3/3 levels left

rFire   . . .        a - +0 flail
rCold   . . .        (no shield)
rNeg    + . .        b - +0 leather armour
rPois   ∞            c - +0 helmet
rElec   +            (no cloak)
rCorr   .            (no gloves)
SInv    .            (no boots)
Will    .....        (no amulet)
Stlth   +            (no ring)
HPRegen 0.24/turn    (no ring)
MPRegen 0.09/turn

%: no passive effects
@: no status effects
A: sickness immunity, AC +3, negative energy resistance 1, electricity
resistance, torment resistance 1, petrification resistance
a: no special abilities


You were on level 3 of the Dungeon.
You visited 1 branch of the dungeon, and saw 4 of its levels.

You collected 101 gold pieces.

Inventory:

Hand Weapons
 a - a +0 flail (weapon)
Missiles
 d - 3 throwing nets (quivered)
 e - a javelin
Armour
 b - a +0 leather armour (worn)
 c - a +0 helmet (worn)
Scrolls
 f - a scroll of fear {unknown}
 j - a scroll of immolation {unknown}
 l - a scroll of revelation {unknown}
 n - a scroll of enchant weapon {unknown}
 r - a scroll of identify
Potions
 g - a potion of lignification {unknown}
 h - 2 potions of attraction
 i - a potion of might {unknown}
 k - 4 potions of curing
 m - 2 potions of degeneration {unknown}


   Skills:
 + Level 3.9 Fighting
 + Level 4.2 Maces & Flails
 - Level 1.7 Throwing
 - Level 2.4 Dodging


You had 3 spell levels left.
You didn't know any spells.
Your spell library was empty.

Dungeon Overview and Level Annotations

Branches:
Dungeon (4/15)
 Temple: D:4-7

Altars:
Makhleb
Okawaru

Annotations:
D:3 1 runed translucent door, Blork the orc; dakkaduck's ghost, amateur MiBe
D:4 Robin


Innate Abilities, Weirdness & Mutations

You are immune to sickness and miasma.
Your stone body is resilient. (AC +3)
You are immune to poison.
You resist negative energy. (rN+)
You are resistant to electric shocks. (rElec)
You are resistant to unholy torment.
You are immune to petrification.


Message History

There is a stone staircase leading down here.
You closely miss Blork the orc.
Blork the orc mumbles some strange words.
Blork the orc seems to speed up.
The goblin hits you but does no damage. Blork the orc misses you.
You barely miss Blork the orc.
Blork the orc gestures at you while chanting.
The puff of flame hits you. The goblin misses you.
You barely miss Blork the orc.
Blork the orc hits you with a +3 short sword of venom.
The goblin hits you with a +0 club.
Blork the orc hits you with a +3 short sword of venom.
You hit Blork the orc.
Blork the orc is lightly wounded.
Blork the orc misses you. The goblin closely misses you.
Blork the orc closely misses you. The goblin closely misses you.
You hit Blork the orc.
Blork the orc is lightly wounded.
Blork the orc looks satisfied for a moment.
Blork the orc hits you with a +3 short sword of venom.
The goblin barely misses you.
You sock Blork the orc!
Blork the orc is heavily wounded.
Blork the orc barely misses you. The goblin closely misses you.
Blork the orc screams, "I'll decorate my home with your organs!"
Blork the orc hits you with a +3 short sword of venom.
You thump Blork the orc!
Blork the orc is almost dead.
Blork the orc misses you. The goblin closely misses you.
You closely miss Blork the orc.
Blork the orc is almost dead.
Blork the orc hits you with a +3 short sword of venom.
* * * LOW HITPOINT WARNING * * *
The goblin hits you with a +0 club.
* * * LOW HITPOINT WARNING * * *
Blork the orc looks braver for a moment.
You closely miss Blork the orc.
Blork the orc is almost dead.
Blork the orc closely misses you. The goblin hits you with a +0 club.
You die...

###.#..........#......#_~#..# #.#
#............#......#########.#
####...........#....(..##........
...............#.#.#.((.##..###.#
...............#.#)####.##..###'#
...............#.#...............
..........###....#.........#.....
..........# ####o........#.......
..........# #.@........#.......
########### #g.........#.##.###
#.......##......#
#.......####.#### #.......# #.#
#####.### #.# ######.## #.# ###
#.......# #.# #..
#.......#####.####..


You could see Blork the orc (fast) and a goblin.

Vanquished Creatures
  2 adders
  A dart slug (D:2)
  A ribbon worm (D:3)
  8 bats
  13 endoplasms
  2 giant cockroaches
  2 goblins
  4 hobgoblins
  3 jackals (D:1)
  4 kobolds
  6 quokkas
  4 ball pythons
  A frilled lizard (D:3)
  5 rats
56 creatures vanquished.

Notes
Turn   | Place    | Note
-------+----------+-------------------------------------------
     0 | D:1      | Arcadio the Gargoyle Gladiator began the quest for the Orb.
     0 | D:1      | Reached XP level 1. HP: 12/12 MP: 1/1
   129 | D:1      | Reached XP level 2. HP: 18/18 MP: 2/2
   156 | D:1      | Found a faded altar of an unknown god.
   504 | D:1      | Reached XP level 3. HP: 19/23 MP: 3/3
  1169 | D:2      | Reached XP level 4. HP: 25/28 MP: 4/4
  1242 | D:2      | Reached skill level 4 in Maces & Flails
  1793 | D:3      | Found a runed translucent door.
  1795 | D:3      | Noticed a bullfrog
  1800 | D:3      | Noticed dakkaduck's ghost (amateur MiBe)
  2148 | D:3      | Found a burning altar of Makhleb.
  2148 | D:3      | Found an iron altar of Okawaru.
  2257 | D:4      | Noticed Robin
  2272 | D:4      | Noticed Blork the orc
  2284 | D:3      | HP: 1/29 [goblin/+0 club[Robin] (3)]
  2285 | D:3      | Slain by a goblin

Illustrated notes

Levels and vault maps discovered:
D:1:      onia_arrival_handbag, layout_loops_ring,
          shapermc_ecumenical_altar_totnotflames
D:2:      layout_basic, dreamdust_wishing_well
D:3:      layout_basic, gammafunk_temple_overflow_elements,
          ebering_ghost_sewer_d, kennysheep_generic_room_9
D:4:      layout_cave_pools, trog_butcher_becter, uniq_blork_the_orc,
          uniq_robin, uniq_crazy_yiuf_cottage

Skill      XL: |  1  2  3  4 |
---------------+-------------+-----
Fighting       | 3 |  3.9
Maces & Flails | 4 |  4.2
Throwing       | |  1.7
Dodging        | |  2.4

Action                     |  1- 3 |  4- 6 || total
---------------------------+-------+-------++-------
  Melee: Flail             |   117 |    55 ||   172
         Punch             |     1 |       ||     1
  Throw: Throwing net      |       |     1 ||     1
    Use: Scroll            |       |     2 ||     2
   Stab: Sleeping          |     1 |       ||     1
 Armour: Leather armour    |    63 |    40 ||   103
  Dodge: Dodged            |    86 |    45 ||   131
